 Dungeon Crawl Stone Soup version 0.20.1-1-g8b1a95d66d (webtiles) character file.

1440 Peloso the Shield-Bearer (level 8, 0/69 HPs)
             Began as a Minotaur Fighter on Dec 26, 2017.
             Slain by an orc warrior
             ... wielding a +0 battleaxe
              (10 damage)
             ... on level 6 of the Dungeon.
             The game lasted 00:11:13 (4513 turns).

Peloso the Shield-Bearer (Minotaur Fighter)         Turns: 4513, Time: 00:11:14

Health: 0/69       AC: 11    Str: 21    XL:     8   Next: 46%
Magic:  7/7        EV:  8    Int:  5    God:
Gold:   191        SH: 11    Dex: 12    Spells: 7/7 levels left

rFire    . . .     SeeInvis .   a - +0 long sword
rCold    . . .     Gourm    .   c - +0 shield
rNeg     . . .     Faith    .   b - +0 chain mail
rPois    .         Spirit   .   (helmet restricted)
rElec    .         Reflect  .   p - +0 cloak
rCorr    .         Harm     .   (no gloves)
MR       .....                  (no boots)
Stlth    ..........             (no amulet)
Regen    0.3/turn               (no ring)
MPRegen  0.1/turn               (no ring)

@: no status effects
A: retaliatory headbutt, horns 2
a: no special abilities


You were on level 6 of the Dungeon.
You were not hungry.

You visited 2 branches of the dungeon, and saw 7 of its levels.
You also visited: Sewer.

You collected 191 gold pieces.

Inventory:

Hand Weapons
 a - a +0 long sword (weapon)
Armour
 b - a +0 chain mail (worn)
 c - a +0 shield (worn)
 p - a +0 cloak (worn)
Wands
 i - a wand of enslavement (8/24)
Scrolls
 e - a scroll of teleportation
 k - a scroll of fog {unknown}
 l - 3 scrolls of remove curse {unknown}
 m - a scroll of noise {unknown}
 o - 5 scrolls of identify
 r - a scroll of recharging {unknown}
 t - 2 scrolls of amnesia {unknown}
 w - a scroll of fear
Potions
 d - a potion of might
 g - 3 potions of flight
 h - a potion of curing
 q - a potion of ambrosia
Books
 n - a book of Minor Magic

   Spells                             Type                      Level
   a - Magic Dart                     Conjuration                  1
   b - Blink                          Translocation                2
   c - Call Imp                       Summoning                    2
   d - Slow                           Hexes                        2
   e - Conjure Flame                  Conjuration/Fire             3
   f - Mephitic Cloud                 Conjuration/Poison/Air       3
 s - a book of Conjurations

   Spells                             Type                      Level
   a - Magic Dart                     Conjuration                  1
   b - Searing Ray                    Conjuration                  2
   c - Dazzling Spray                 Conjuration/Hexes            3
   d - Fulminant Prism                Conjuration/Hexes            4
   e - Force Lance                    Conjuration/Translocation    4
   f - Iskenderun's Mystic Blast      Conjuration                  4
Comestibles
 f - 7 bread rations
 j - 2 meat rations
 u - 4 chunks of flesh
 v - a fruit


   Skills:
 + Level 5.5 Fighting
 + Level 6.9 Long Blades
 + Level 7.3 Armour
 + Level 3.1 Dodging
 + Level 0.3 Stealth
 + Level 7.4 Shields


You had 7 spell levels left.
You didn't know any spells.

Dungeon Overview and Level Annotations

Branches:
Dungeon (6/15)             Temple (1/1) D:5

Altars:
Ashenzari
Cheibriados
Dithmenos
Elyvilon
Fedhas
Hepliaklqana
Kikubaaqudgha
Nemelex Xobeh
Qazlal
Ru
Trog
Uskayaw
Vehumet
Yredelemnul
Zin

Annotations:
D:4 2 transporters


Innate Abilities, Weirdness & Mutations

You reflexively headbutt those who attack you in melee.
You have a pair of horns on your head.


Message History

The orc warrior is severely wounded.
You block the orc's attack.
The orc warrior hits you with a battleaxe!
* * * LOW HITPOINT WARNING * * *
You closely miss the orc warrior. Your headbutt misses the orc warrior.
The orc warrior is severely wounded.
The orc hits you but does no damage.
You closely miss the orc warrior. You headbutt the orc warrior.
The orc warrior is almost dead.
You block the orc warrior's attack. You block the orc's attack.
You hit the orc warrior.
You headbutt the orc warrior, but do no damage.
The orc warrior is almost dead.
The orc hits you but does no damage.
The orc warrior hits you with a battleaxe!
* * * LOW HITPOINT WARNING * * *
The orc hits you but does no damage.
You feel better.
The orc warrior hits you with a battleaxe!
You die...

#<#.#..........##
#.#.##.........#
#.#.##.......#.#
#.#.##.#.##.## ..
#......### .# #
###.#######.#
.###........#.#
#....>..†o.....#
#......?o@...###
#.###.#.####.# #.
#.#.# # . #.#..
###8. #.. ##


You could see an orc warrior and an orc.

Vanquished Creatures
  Menkaure (D:4)
  The ghost of BrokenGlass the Scratcher, an amateur FeFi of Makhleb (D:4)
  A phantom (D:5)
  An ice beast (D:5)
  3 centaurs (D:5)
  A big kobold (Sewer)
  A gnoll sergeant (D:5)
  A crimson imp (D:6)
  A centaur skeleton (D:5)
  2 hounds
  3 orc priests (D:6)
  Crazy Yiuf (D:2)
  Ijyb (D:3)
  4 iguanas
  2 orc wizards (D:6)
  A worker ant (D:5)
  A hound skeleton (D:5)
  7 adders
  6 gnolls (D:5)
  A river rat (Sewer)
  2 worms
  5 leopard geckos
  9 orcs
  2 ball pythons
  2 giant cockroaches
  3 goblins
  8 hobgoblins
  11 jackals
  6 kobolds
  A quokka (D:2)
  11 bats
  4 frilled lizards
  10 rats
114 creatures vanquished.

Vanquished Creatures (others)
  A crimson imp (D:5)
1 creature vanquished.

Grand Total: 115 creatures vanquished

Notes
Turn   | Place    | Note
-------+----------+-------------------------------------------
     0 | D:1      | Peloso the Minotaur Fighter began the quest for the Orb.
     0 | D:1      | Reached XP level 1. HP: 19/19 MP: 0/0
   284 | D:1      | Reached XP level 2. HP: 27/27 MP: 1/1
   762 | D:2      | Reached XP level 3. HP: 29/33 MP: 2/2
  1410 | D:2      | Found a runed door.
  1494 | D:2      | Noticed Crazy Yiuf
  1502 | D:2      | Killed Crazy Yiuf
  1502 | D:2      | Reached XP level 4. HP: 40/40 MP: 3/3
  1568 | D:3      | Found a glowing drain.
  1596 | Sewer    | Entered a sewer
  1665 | Sewer    | Noticed a big kobold
  1682 | Sewer    | Killed a big kobold
  1682 | Sewer    | Reached skill level 5 in Armour
  1682 | Sewer    | Reached skill level 1 in Dodging
  1682 | Sewer    | Reached skill level 5 in Shields
  1682 | Sewer    | Reached XP level 5. HP: 40/46 MP: 4/4
  1744 | Sewer    | Found a white marble altar of Elyvilon.
  1814 | D:3      | Noticed Ijyb
  1826 | D:3      | Killed Ijyb
  2323 | D:4      | Found a transporter.
  2332 | D:4      | Found a transporter.
  2332 | D:4      | Noticed BrokenGlass's ghost (amateur FeFi)
  2351 | D:4      | Killed BrokenGlass's ghost
  2351 | D:4      | Reached XP level 6. HP: 22/53 MP: 5/5
  2639 | D:4      | Noticed Menkaure
  2654 | D:4      | Killed Menkaure
  2654 | D:4      | Reached skill level 5 in Long Blades
  3006 | D:4      | Reached XP level 7. HP: 60/60 MP: 6/6
  3038 | D:4      | You fall through a shaft!
  3038 | D:5      | Entered Level 5 of the Dungeon
  3108 | D:5      | Found a stormy altar of Qazlal.
  3153 | D:5      | Reached skill level 5 in Fighting
  3340 | D:5      | HP: 3/61 [ice beast (6)]
  3652 | D:5      | Reached XP level 8. HP: 58/68 MP: 7/7
  3903 | D:5      | Found a staircase to the Ecumenical Temple.
  4004 | Temple   | Entered the Ecumenical Temple
  4512 | D:6      | HP: 1/69 [orc warrior/battleaxe (9)]
  4513 | D:6      | Slain by an orc warrior

Skill      XL: |  1  2  3  4  5  6  7  8 |
---------------+-------------------------+-----
Shields        | 4 5 6 7 |  7.4
Armour         | 4 5 6 7 |  7.3
Fighting       | 4 5 |  5.5
Long Blades    | 3 4 5 6 |  6.9
Dodging        | 1 2 3 |  3.1
Stealth        | |  0.3

Action                   |  1- 3 |  4- 6 |  7- 9 || total
-------------------------+-------+-------+-------++-------
Melee: Long sword        |   106 |   141 |   161 ||   408
       Headbutt          |    11 |    20 |    33 ||    64
  Use: Potion            |     4 |     1 |     2 ||     7
       Scroll            |       |     6 |       ||     6
  Eat: Chunk             |     1 |     5 |     6 ||    12
Armor: Scale mail        |    18 |       |       ||    18
       Chain mail        |    38 |    99 |   114 ||   251
Dodge: Dodged            |    24 |    50 |    65 ||   139
Block: Shield            |    57 |   101 |   119 ||   277
       Rpst.: Long sword |     4 |    19 |    21 ||    44
